 BcadrenCrawl: Boulder Brew version 0.06-720-g033fe3496d (webtiles) character file.

Game seed: 12822440027766880679

36105 Leeroy the Alchemist (level 13, -2/177 HPs) Turquoise Draconian Priest. Began on Feb 11, 2023. Was the Champion of Bahamut & Tiamat. Slain by a tentacled starspawn (8 damage) ... on level 2 of the Abyss. The game lasted 01:02:17 (13656 turns).

Leeroy the Alchemist (Turquoise Draconian Priest)  Turns: 13656, Time: 01:02:17

Health: -2/177     AC: 11    Str: 25    XL:     13 ^: 12886
Magic:  16/19      EV: 15    Int: 13    God:    Bahamut & Tiamat [6* [196]]
Gold:   1085       SH:  0    Dex: 15    Spells: 20/32 levels left

rFire    . . .     Slash    +     - Unarmed
rCold    . . .     Pierce   +     - Unarmed
rNeg     + + +     Bludgeon +   (armour currently unavailable)
rCorr    . . .     Vision   x   (helmet currently unavailable) rPois āˆž
Gourm    .                      (cloak currently unavailable)
rElec    .         Faith    +   (gloves currently unavailable)
MR       .....     Spirit   .   (boots currently unavailable)
HPRegen  0.00/turn Reflect  .   t - amulet of faith
MPRegen  0.29/turn Harm     .   g - ring of evasion
Stlth    ++........             f - ring of wizardry

@: short of breath, dragon-form, marked, corroded, flying, very slightly
contaminated, studying Whips & Flails
A: giant, unfitting armour, [impaired vision], [frail 2], [low mp 2], negative
energy resistance 2[+-1], [shoutitus], [inhibited regeneration], torment
resistance, unbreathing, [daystrider], forlorn, [magic vulnerability 2],
insubstantial, boosted whips and flails aptitude, boosted shields aptitude,
translocation and transmutation enhancers 1[+-1], [suppression 4], AC +9
a: Breathe Spectral Mist, End Transformation, Adaptive Breath, Drake Mount,
Renounce Religion


You were on level 2 of the Abyss.
You worshipped Bahamut & Tiamat.
Bahamut & Tiamat was exalted by your worship.
You were not hungry.
You were a fearsome dragon!
You visited 3 branches of the dungeon, and saw 10 of its levels.
You visited the Abyss 1 time.
You also visited: Temple.

You collected 1331 gold pieces.
You spent 246 gold pieces at shops.

Inventory:

Weapons
 o - a cursed +2 short sword of venom {(Curse: *Drain)}
 u - a cursed +1 dagger of caustic ooze {(Curse: *Drain)}
 y - a +2 long sword
 S - a +2 short sword of speed
 T - a +0 pickaxe of speed
 Y - the cursed +4 mace of Saapn {antimagic, *Corrode rPois Int+6, (Curse: rC-)}
   (You found it on level 6 of the Dungeon)

   It reduces the magical energy of the wielder, and disrupts the spells and
   magical abilities of those hit.
   Natural abilities and divine invocations are not affected.
   It affects your intelligence (+6).
   It protects you from poison.
   It may corrode you when you take damage.
   It has a curse placed upon it.
   { (Curse: rC-)}
Armour
 z - a +1 pair of boots (melded)
 I - a +0 cloak (melded)
Jewellery
 b - a cursed ring of stealth {(Curse: *Tele)}
 d - an uncursed amulet of regeneration
 f - a ring of wizardry (right foreclaw)
 g - a ring of evasion (left foreclaw)
 j - an uncursed ring of magical power
 m - the cursed ring of Lugonu's Regard {MR+ Int+3 Stlth+, (Curse: rC-)}
   (You took it off a kobold on level 2 of the Dungeon)

   [ring of stealth]

   It affects your intelligence (+3).
   It affects your resistance to hostile enchantments.
   It makes you more stealthy.
   It has a curse placed upon it.
   { (Curse: rC-)}
 q - an uncursed amulet of reflection
 t - an amulet of faith (around neck)
 v - a cursed ring of magical power {(Curse: *Tele)}
 w - an uncursed ring of fire
 B - a cursed ring of dexterity {(Curse: rF-)}
 E - an uncursed ring of magical power
 F - a cursed ring of wizardry {(Curse: MR-)}
 G - an uncursed ring of protection
 J - an uncursed ring of stealth
 N - an uncursed ring of resist corrosion
 O - an uncursed ring of protection from magic
 P - an uncursed ring of stealth
 Q - an uncursed amulet of chaos
 R - an uncursed ring of protection
 V - an uncursed ring of evasion
 X - a cursed amulet of guardian spirit {(Curse: MR-)}
Wands
 k - a wand of acid (2)
 s - a wand of polymorph (2)
 H - a wand of flame (8)
 L - a wand of disintegration (2)
 M - a wand of enslavement (12)
 U - a wand of iceblast (2)
 W - a wand of ensnaring (11)
Scrolls
 n - a scroll of fear
 p - 5 scrolls of teleportation
 Z - 2 scrolls of enchantment
Potions
 c - 9 potions of curing
 e - 5 potions of mutation
 h - 2 potions of might
 l - 3 potions of agility
 r - a potion of haste
 x - a potion of amnesia
 A - a potion of cure mutation
 D - 2 potions of heal wounds
 K - 2 potions of brilliance
Miscellaneous
 i - a fan of gales
Comestibles
 a - 21 rations


   Skills:
 - Level 9.3 Fighting
 - Level 8.0 Dodging
 - Level 1.4 Stealth
 + Level 9.3 Unarmed Combat
 - Level 10.3 Spellcasting
 - Level 3.7 Hexes
 - Level 16.3 Transmutations
 - Level 6.3 Invocations
 - Level 1.4 Evocations


You had 20 spell levels left.
You knew the following spells:

 Your Spells              Type           Power        Failure   Level  Hunger
a - Flame Tongue          Fire           6 (30)       4%          1    N/A
b - Dragon Form           Tmut           65 (200)     4%          7    N/A
c - Cause Fear            Hex            16 (200)     9%          4    N/A

Your spell library contained the following spells:

 Spells                   Type           Power        Failure   Level  Hunger
 Pain                     Hex/Necr       11 (25)      1%          1    N/A
 Corpse Rot               Tmut/Necr      N/A          1%          2    N/A
 Pryten's Skeletal Upris  Chrm/Necr      6 (200)      13%         3    N/A
 Regeneration             Chrm/Necr      6 (200)      13%         3    N/A
 Vampiric Draining        Necr           6 (200)      13%         3    N/A
 Animate Dead             Necr           N/A          38%         4    N/A
 Bolt of Draining         Necr           6 (200)      71%         5    N/A
 Excruciating Wounds      Chrm/Necr      6 (200)      71%         5    N/A
 Bolt of Fire             Fire           6 (200)      99%         6    N/A
 Dragon's Call            Summ           6 (200)      100%        9    N/A
 Sublimation of Blood     Necr           Unusable     N/A         2    N/A

Dungeon Overview and Level Annotations

Branches:
Dungeon (7/8)              Temple (0/1) D:4             Orc (2/2) D:6
    Elf (1/3) Orc:2
   Lair: D:5         Vaults: D:7

Altars:
Bahamut & Tiamat
Okawaru
Qazlal
Sif Muna
Uskayaw
Vehumet
Zin

Shops:
D:4 [}?:   D:6 !*[?   Orc:2 :*::


Innate Abilities, Weirdness & Mutations

Your spectral turquoise scales are resilient. (AC +9)
You can breathe blasts of ghostly flames, which heal the undead and damage the living.
You are immune to poison.
((You are cold resistant. (rC+)))
((You cannot wear any armour on your peculiar form.))
(You are quite resistant to negative energy. (rN++))
You are immune to unholy pain and torment.
You can survive without breathing.
Your insubstantial form grants resistance to all physical attack and full immunity to sticky flames, nets and constriction. (rPhysical+)
You are naturally skilled at Whips & Flails (Aptitude +3).
You are naturally skilled at Shields (Aptitude +3).
(You are in touch with the powers of translocation and transmutation.)
Your spectral turquoise scales hold together your spectral form.
((Your scales resist being cut, but it's oddly easy to stick a small blade between them. (rSlashing+, rPiercing-)))
You have difficulty communicating with the divine.
[Your poor vision makes scrolls take longer to read and aiming more difficult.]
[You are very frail. (-20% HP)]
[Your magical capacity is very low. (-30% MP)]
[You frequently shout uncontrollably at your foes.]
[You do not regenerate when monsters are visible.]
[You can see and be seen from farther away.]
[((You are very vulnerable to cold. (rC--)))]
[((You are very vulnerable to heat. (rF--)))]
[You are very vulnerable to magic. (MR----)]
[Your cold resistance, negative energy resistance, translocation and transmutation enhancers and draconic flesh mutations are transiently suppressed.]
[(())]


Message History

Bahamut approves of your kill.
A tentacle flies out from the starspawn's body!
A starspawn tentacle comes into view.
Unknown command.
You slash the starspawn tentacle (22)!!
It is lacerated severely!
You slash the starspawn tentacle (20)!!
It is lacerated severely!
You destroy the starspawn tentacle!
Unknown command.
A tentacle flies out from the starspawn's body!
A starspawn tentacle comes into view.
Things that are here:
a +0 hammer; 2 empty bottles; a neqoxec corpse You slash the tentacled starspawn (34)!!
It is lacerated severely!
You slash the tentacled starspawn (28)!!
It is lacerated severely!
You tail-slap the tentacled starspawn (1).
The tentacled starspawn is almost destroyed. (5/91) HP The tentacled starspawn bites you (8)!
You resist.
* * * LOW HITPOINT WARNING * * *
The tentacled starspawn engulfs you (8)!
You die...

.#........#.. . #
... .##..#. # .#
#. .... ##..
##.#.. .. ....
... 3 .. ##..w
.X.....*. .
#..ZĀ§...##X.#...
...## .
ā‰ˆ.#..#.##### Z
.
##ā‰ˆ###.X####.#
# #.# .##V*wXD..#
## # #.#X####.#
.... .. ...##
##.. .. .. .#
.#.. # . # # .#
## . [. .. #. . .
. . . .. .. ....
#..


You could see 2 starcursed masses, a tentacled starspawn, a wretched star, a
vampire and a starspawn tentacle.

Vanquished Creatures
  2 rakshasas (Abyss:2)
  2 ogre magi (Orc:2)
  A boulder beetle (D:7)
  A death knight (D:7)
  A gibbering mound (Abyss:2)
  An ettin (Orc:2)
  A deep elf knight (Elf:1)
  A wretched star (Abyss:2)
  8 two-headed ogres (Orc:2)
  A yaktaur captain (D:7)
  A hydra (D:6)
  4 orc knights (Orc:1)
  A flayed ghost (D:7)
  A deep troll (Orc:2)
  A centaur warrior (D:7)
  An orb spider (shapeshifter) (D:7)
  7 deep elf magi
  An iron troll (Orc:2)
  A freezing wraith (D:7)
  A wolf spider (D:7)
  10 trolls
  A meliai (shapeshifter) (D:7)
  3 bog bodies (D:6)
  A neqoxec (Abyss:2)
  A shadow (D:7)
  A water elemental (Elf:1)
  6 yaks
  2 hippogriffs
  Grinder (D:3)
  2 cyclopes (Orc:2)
  An air elemental (Elf:1)
  Menkaure (D:3)
  A human (D:6)
  A hungry ghost (D:6)
  An acid dragon (D:7)
  A guardian mummy (D:6)
  4 wargs
  2 slime creatures
  A wolf spider zombie (D:6)
  3 phantoms
  A necrophage (D:6)
  14 orc warriors
  An ice beast (D:4)
  A scorpion (D:3)
  A black bear (D:4)
  21 ogres
  A boggart (D:7)
  2 crocodiles (D:2)
  10 big kobolds
  A centaur (D:3)
  A harpy zombie (D:4)
  A meliai zombie (D:7)
  A howler monkey (D:4)
  A hornet zombie (D:6)
  3 llaibwcod
  Prince Ribbit (D:3)
  11 orc priests
  A hound (D:5)
  6 jellies
  19 orc wizards
  8 mummies (D:6)
  6 worker ants
  8 wyvern zombies
  2 water moccasin skeletons
  8 wyvern skeletons (D:6)
  7 giant cockroaches
  4 boggart skeletons (D:6)
  8 adders
  4 gnolls (D:4)
  48 sewer rats
  7 worms
  11 cinder newts
  A bullfrog (D:2)
  An ufetubus (Abyss:2)
  A hound zombie (D:5)
  3 oozes (D:2)
  2 dart slugs
  2 leopard geckos
  55 orcs
  4 adder skeletons
  7 ball pythons
  11 bats
  A cinder newt skeleton (D:2)
  8 hobgoblins (D:1)
  5 jackals
  39 kobolds
  2 quokkas
  A bat skeleton (D:2)
  8 goblins (D:1)
  An orc skeleton (D:2)
  6 rats
  A butterfly (D:4)
  A starspawn tentacle (Abyss:2)
  3 withered plants (D:2)
464 creatures vanquished.

Vanquished Creatures (collateral kills)
  A tengu warrior (D:7)
  2 two-headed ogres (D:6)
  A troll (Orc:2)
  A bog body (D:6)
  A guardian mummy (D:6)
  A wolf spider zombie (D:6)
  A warg (Orc:1)
  An orc warrior (Orc:1)
  4 ogres (Orc:2)
  3 orc wizards (Orc:1)
  A wyvern zombie (D:6)
  A wyvern skeleton (D:6)
  An orc (D:6)
19 creatures vanquished.

Vanquished Creatures (others)
  A deep elf mage (Elf:1)
  A jelly (D:2)
  A giant cockroach (D:2)
  A sewer rat (D:2)
  2 orcs (Orc:1)
  A ball python (D:2)
  A jackal (D:2)
  2 bats (D:2)
  A goblin (D:1)
  8 kobolds (D:2)
  3 bushes (D:5)
  4 giant blowflies
  11 plants
  6 slimeheads (D:2)
  2 starspawn tentacles (Abyss:2)
  201 withered plants
246 creatures vanquished.

Grand Total: 729 creatures vanquished

Notes
Turn   | Place    | Note
-------+----------+-------------------------------------------
     0 | Start Te | Leeroy the Immature Draconian Priest began the quest for
                  | the Orb.
     0 | Start Te | Reached XP level 1. HP: 29/29 MP: 3/3
     0 | Start Te | Found a sparkling altar of Nemelex Xobeh.
     1 | Start Te | Found a basalt altar of Yredelemnul.
     1 | Start Te | Found a white marble altar of Elyvilon.
     2 | Start Te | Found an iron altar of Okawaru.
     3 | Start Te | Found a glowing silver altar of Zin.
     3 | Start Te | Found a blossoming altar of Fedhas.
     4 | Start Te | Found a stormy altar of Qazlal.
     5 | Start Te | Found a glowing golden altar of the Shining One.
     5 | Start Te | Found an opulent altar of Gozag.
     6 | Start Te | Found a sacrificial altar of Ru.
    19 | Start Te | Found an ornate altar of Bahamut and Tiamat.
    19 | Start Te | Found a hazy altar of Hepliaklqana.
    31 | Start Te | Became a worshipper of Bahamut & Tiamat
    31 | Start Te | Reached * piety under Bahamut & Tiamat
    31 | Start Te | Reached ** piety under Bahamut & Tiamat
    92 | D:1      | Reached XP level 2. HP: 39/39 MP: 5/5
   126 | D:1      | Reached XP level 3. HP: 49/49 MP: 6/6
   269 | D:1      | Reached XP level 4. HP: 47/59 MP: 7/7
   308 | D:1      | Reached *** piety under Bahamut & Tiamat
   480 | D:1      | Reached skill level 5 in Unarmed Combat
   606 | D:1      | Reached skill level 1 in Fighting
   856 | D:2      | Noticed a big kobold
   870 | D:2      | Killed a big kobold
   870 | D:2      | Reached XP level 5. HP: 68/69 MP: 8/8
   893 | D:2      | Identified the cursed ring of Lugonu's Regard {MR+ Int+3
                  | Stlth+, (Curse: rC-)}
   904 | D:2      | Reached XP level 6. HP: 68/79 MP: 9/9
   915 | D:2      | Reached **** piety under Bahamut & Tiamat
   962 | D:2      | Reached skill level 5 in Fighting
  1441 | D:2      | Your scales start taking on a scintillating rainbow colour.
  1441 | D:2      | Reached XP level 7. HP: 73/89 MP: 10/10
  1441 | D:2      | Gained mutation: Your spectral turquoise scales hold
                  | together your spectral form. [Scintillating Draconian
                  | growth]
  1441 | D:2      | Gained mutation: You are in touch with the powers of
                  | translocation and transmutation. [Scintillating Draconian
                  | growth]
  1650 | D:2      | Reached ***** piety under Bahamut & Tiamat
  1650 | D:2      | Reached skill level 5 in Invocations
  1971 | D:2      | Reached XP level 8. HP: 7/99 MP: 6/12
  1972 | D:2      | HP: 4/99 [sewer rat (3)]
  2837 | D:2      | Reached skill level 5 in Dodging
  3362 | D:2      | Found a glowing silver altar of Zin.
  3714 | D:3      | Noticed Grinder
  3726 | D:3      | Killed Grinder
  3785 | D:3      | Reached XP level 9. HP: 108/108 MP: 13/13
  3854 | D:3      | Reached ****** piety under Bahamut & Tiamat
  3855 | D:3      | Received a gift from Bahamut & Tiamat
  3921 | D:3      | Learned a level 1 spell: Flame Tongue
  3929 | D:3      | Learned a level 7 spell: Dragon Form
  3933 | D:3      | Noticed Prince Ribbit
  3949 | D:3      | Killed Prince Ribbit
  3949 | D:3      | Reached skill level 1 in Spellcasting
  4072 | D:3      | Noticed Menkaure
  4083 | D:3      | Killed Menkaure
  4391 | D:3      | Reached skill level 5 in Spellcasting
  5146 | D:4      | Found Ciosi's Armour Emporium.
  5165 | D:4      | Bought a +0 cloak for 54 gold pieces
  5303 | D:4      | Reached skill level 1 in Evocations
  5816 | D:4      | Found Genoept's Gadget Boutique.
  6025 | D:4      | Found Cannen's Magic Scroll Boutique.
  6126 | D:4      | Found Yshruk's Book Boutique.
  6455 | D:4      | Found a staircase to the Ecumenical Temple.
  6489 | D:4      | Found a shimmering blue altar of Sif Muna.
  6489 | D:4      | Found an iron altar of Okawaru.
  6490 | D:4      | Found an ornate altar of Bahamut and Tiamat.
  6491 | D:4      | Found a radiant altar of Vehumet.
  6492 | D:4      | Found a stormy altar of Qazlal.
  6498 | D:4      | Found a hide-covered altar of Uskayaw.
  6531 | D:5      | Entered Level 5 of the Dungeon
  6531 | D:5      | Noticed a two-headed ogre
  6531 | D:5      | Noticed a two-headed ogre
  6926 | D:5      | Reached skill level 1 in Transmutations
  7077 | D:5      | Reached skill level 2 in Transmutations
  7077 | D:5      | Gained mutation: You are naturally skilled at Whips &
                  | Flails (Aptitude +3). [draconic bloodline]
  7077 | D:5      | Reached XP level 10. HP: 89/118 MP: 22/22
  7093 | D:5      | Reached skill level 3 in Transmutations
  7110 | D:5      | Reached skill level 4 in Transmutations
  7476 | D:6      | Reached skill level 5 in Transmutations
  7686 | D:6      | Found Kaedo's Assorted Antiques.
  7793 | D:6      | Bought a potion of heal wounds for 120 gold pieces
  7793 | D:6      | Bought a potion of curing for 72 gold pieces
  7867 | D:6      | Reached skill level 6 in Transmutations
  8101 | D:6      | Learned a level 4 spell: Cause Fear
  8342 | D:6      | Reached skill level 1 in Hexes
  8512 | D:6      | Gained mutation: Your insubstantial form grants resistance
                  | to all physical attack and full immunity to sticky flames,
                  | nets and constriction. (rPhysical+) [draconic bloodline]
  8512 | D:6      | Reached skill level 7 in Transmutations
  8512 | D:6      | Reached XP level 10. HP: 71/118 MP: 22/22
  8534 | D:6      | Noticed a two-headed ogre
  8726 | D:6      | Noticed a deep elf mage
  8740 | D:6      | Killed a deep elf mage
  8740 | D:6      | Reached skill level 8 in Transmutations
  9088 | D:6      | Found Dumaclet's Distillery.
  9204 | D:6      | Reached skill level 9 in Transmutations
  9215 | D:6      | Killed a two-headed ogre
  9594 | D:6      | Reached XP level 11. HP: 97/128 MP: 23/23
  9729 | D:6      | Found a staircase to the Orcish Mines.
  9750 | D:6      | Reached skill level 10 in Transmutations
  9812 | D:6      | Noticed a two-headed ogre
  9821 | D:6      | Killed a two-headed ogre
  9856 | D:6      | Found Qyreem's Magic Scroll Shop.
  9881 | D:6      | Found Bah Ada's Armour Shoppe.
  9904 | D:6      | Noticed a four-headed hydra
  9916 | D:6      | Killed a four-headed hydra
 10023 | D:6      | Reached skill level 11 in Transmutations
 10059 | D:6      | Identified the cursed +4 mace of Saapn {antimagic, *Corrode
                  | rPois Int+6, (Curse: rC-)}
 10286 | D:7      | Noticed a tengu warrior
 10301 | D:7      | Killed a tengu warrior
 10388 | D:7      | Noticed a boulder beetle
 10431 | D:7      | Killed a boulder beetle
 10431 | D:7      | Reached skill level 12 in Transmutations
 10668 | D:7      | Noticed a yaktaur captain
 10672 | D:7      | Noticed a death knight
 10683 | D:7      | Noticed a flayed ghost
 10685 | D:7      | Identified the ring of Xakkauco {*Tele +Blink rPois rN+
                  | Str-5}
 10686 | D:7      | Noticed an orc knight
 10941 | D:7      | Killed a yaktaur captain
 10960 | D:7      | Killed a flayed ghost
 11022 | D:7      | Killed a death knight
 11322 | Orc:1    | Entered Level 1 of the Orcish Mines
 11322 | Orc:1    | Noticed an orc knight
 11327 | Orc:1    | Noticed an orc knight
 11430 | Orc:1    | Killed an orc knight
 11431 | Orc:1    | Gained mutation: You are naturally skilled at Shields
                  | (Aptitude +3). [draconic bloodline]
 11431 | Orc:1    | Reached XP level 12. HP: 64/138 MP: 22/25
 11442 | Orc:1    | Reached skill level 10 in Spellcasting
 11752 | Orc:2    | Entered Level 2 of the Orcish Mines
 11752 | Orc:2    | Found Osooff's Book Shoppe.
 11754 | Orc:2    | Noticed an ogre mage
 11760 | Orc:2    | Reached skill level 13 in Transmutations
 11761 | Orc:2    | Found Daonoipt's Assorted Antiques.
 11774 | Orc:2    | Reached skill level 14 in Transmutations
 11779 | Orc:2    | Noticed an ogre mage
 11783 | Orc:2    | Killed an ogre mage
 11783 | Orc:2    | Reached skill level 15 in Transmutations
 11791 | Orc:2    | Killed an ogre mage
 11791 | Orc:2    | Reached skill level 16 in Transmutations
 11798 | Orc:2    | Found Ipleatusm's Book Shoppe.
 11940 | Orc:2    | Found Ylug's Book Emporium.
 12041 | Orc:2    | Found a staircase to the Elven Halls.
 12200 | Orc:2    | Gained mutation: You are in touch with the powers of
                  | translocation and transmutation. [Turquoise Draconian
                  | growth]
 12200 | Orc:2    | Reached XP level 13. HP: 75/148 MP: 19/27
 13324 | Elf:1    | Entered Level 1 of the Elven Halls
 13562 | Elf:1    | Identified the +7 hand crossbow "Wuzemm" {freeze, +Inv
                  | rElec rF+ rC++}
 13562 | Elf:1    | Cast into level 2 of the Abyss (a deep elf archer)
 13628 | Abyss:2  | Noticed a tentacled starspawn
 13631 | Abyss:2  | Paralysed by accursed screaming for 1 turns
 13634 | Abyss:2  | HP: 5/177 [tentacled starspawn (7)]
 13639 | Abyss:2  | Gained mutation: You have difficulty communicating with the
                  | divine. [a neqoxec]
 13656 | Abyss:2  | HP: 6/177 [tentacled starspawn (8)]
 13656 | Abyss:2  | Slain by a tentacled starspawn

Illustrated notes

Levels and vault maps discovered:
D:1:      dpeg_arrival_connections, layout_cave_pools, first_ration,
          serial_column_ruins, column_ruins_square_medium,
          column_ruins_open_small, column_ruins_grid_2,
          column_ruins_columns_straight, column_ruins_grid_1
D:2:      layout_sewer, elyvilon_niche
D:3:      layout_cave_pools, bcadren_nooodl_food_pyramid, uniq_grinder,
          uniq_prince_ribbit1, uniq_menkaure
D:4:      layout_loops_ring, grunt_temple_overflow_open,
          minmay_temple_entry_enclosed_plants, serial_shops, shop,
          kennysheep_little_box, nicolae_shop_statue_plus, shop
D:5:      layout_basic, minmay_lair_entry_grove, serial_rivers,
          chequers_serial_rivers_small_b, chequers_serial_rivers_small_b,
          chequers_serial_rivers_micro_c, chequers_serial_rivers_micro_e,
          chequers_serial_rivers_large_b, uniq_nergalle
D:6:      layout_basic, erik_orc_4, ossuary_zaba_flooded, serial_shops,
          nicolae_shop_window_shopping, nicolae_shop_crystal,
          nicolae_shop_overgrown_old_shop, shop, portal_ice_cave_entry_pillars_1
D:7:      layout_twisted_cavern, grunt_vaults_entry_fortified, minivault_28
Orc:1:    layout_diamond_mine
Orc:2:    st_orc_open, layout_caves
Elf:1:    eino_elf_arrival_customs, layout_loops_corners,
          hangedman_elf_disciples, roderic_lattice_octagonal_star
Abyss:2:  base:
Snake:1

Skill      XL: |  1  2  3  4  5  6  7  8  9 10 11 12 13 |
---------------+----------------------------------------+-----
Unarmed Combat | 3 4 5 9 |  9.3
Fighting       | 3 4 6 9 |  9.3
Invocations    | 6 |  6.3
Dodging        | 3 6 8 |  8.0
Spellcasting   | 8 9 10 | 10.3
Evocations     | 1 |  1.4
Transmutations | 2 9 12 16 | 16.3
Hexes          | 3 |  3.7
Stealth        | |  1.4

Action                   |  1- 3 |  4- 6 |  7- 9 | 10-12 | 13-15 || total
-------------------------+-------+-------+-------+-------+-------++-------
Melee: Unarmed           |    64 |   287 |  1507 |  1898 |   267 ||  4023
       Peck              |     5 |    22 |   148 |   174 |    13 ||   362
       Tailslap          |       |       |       |     6 |     8 ||    14
Throw: Skull             |       |       |     2 |       |       ||     2
       Rusty metal       |       |       |     1 |       |       ||     1
       Stone             |       |       |     1 |     2 |       ||     3
       Bone              |       |       |     1 |       |       ||     1
 Cast: Flame Tongue      |       |       |       |     1 |       ||     1
       Dragon Form       |       |       |       |     4 |     8 ||    12
       Cause Fear        |       |       |       |     1 |       ||     1
Invok: Choose Bahamut's  |     1 |       |       |       |       ||     1
       Choose Tiamat's A |     1 |       |       |       |       ||     1
       Adaptive Breath   |       |     1 |     1 |     5 |     1 ||     8
       Choose Bahamut's  |       |     1 |       |       |       ||     1
       Drake Mount       |       |       |     1 |     3 |       ||     4
       Receive Book of t |       |       |     1 |       |       ||     1
       Choose Bahamut's  |       |       |       |     1 |       ||     1
 Abil: Breathe Seething  |       |       |     1 |       |       ||     1
       Breathe Spectral  |       |       |       |    13 |     1 ||    14
Evoke: Wand              |       |       |       |     8 |       ||     8
  Use: Potion            |       |       |     1 |       |     2 ||     3
       Scroll            |       |       |       |    11 |     1 ||    12
 Stab: Sleeping          |       |     1 |     8 |     5 |       ||    14
       Distracted        |       |       |     1 |     1 |       ||     2
       Held in net/web   |       |       |       |     3 |       ||     3
       Confused          |       |       |       |     2 |       ||     2
       Invisible         |       |       |       |     1 |       ||     1
  Eat: Chunk             |       |     1 |    20 |     1 |       ||    22
       Ration            |       |       |     1 |     2 |       ||     3
Armor: Skin              |     8 |    41 |   191 |   393 |    47 ||   680
Dodge: Dodged            |     2 |    28 |   226 |   251 |    34 ||   541
